 Dungeon Crawl Stone Soup version 0.29.1-1-gd02db6906a (webtiles) character file.

Game seed: 6706776361572757137

399 Icepheonix32 the Summoner (level 6, 0/41 HPs)
             Began as a Merfolk Summoner on Oct 10, 2022.
             Killed from afar by Eustachio (10 damage)
             ... with a puff of flame
             ... on level 4 of the Dungeon.
             The game lasted 00:09:56 (6191 turns).

Icepheonix32 the Summoner (Merfolk Summoner)        Turns: 6191, Time: 00:09:56

Health: 0/41       AC:  2    Str: 10      XL:     6   Next: 84%
Magic:  4/9        EV: 12    Int: 15      God:
Gold:   178        SH:  0    Dex: 13 (14) Spells: 0/9 levels left

rFire   . . .      SeeInvis .   g - +1 short sword
rCold   . . .      Faith    .   (no shield)
rNeg    . . .      Spirit   .   a - +0 robe
rPois   .          Reflect  .   (no helmet)
rElec   .          Harm     .   (no cloak)
rCorr   .          Rampage  .   (no gloves)
Will    .....                   (no boots)
Stlth   ++........              (no amulet)
HPRegen 0.13/turn               (no ring)
MPRegen 0.11/turn               (no ring)

@: mighty
A: (nimble swimmer 2), mertail
a: no special abilities


You were on level 4 of the Dungeon.
You visited 1 branch of the dungeon, and saw 4 of its levels.

You collected 178 gold pieces.

Inventory:

Hand Weapons
 f - a +0 dagger
 g - a +1 short sword (weapon)
 o - a +0 long sword
Missiles
 d - 5 poisoned darts
 j - 5 boomerangs
Armour
 a - a +0 robe (worn)
Wands
 c - a wand of roots (8)
Scrolls
 m - a scroll of teleportation
 n - a scroll of fear
Potions
 b - 2 potions of magic
 i - a potion of berserk rage


   Skills:
 - Level 2.6 Dodging
 - Level 2.1 Stealth
 - Level 2.0 Spellcasting
 + Level 8.0 Summonings


You couldn't memorise any spells.
You knew the following spells:

 Your Spells              Type           Power      Damage    Failure   Level
a - Summon Small Mammal   Summ           100%       N/A       1%          1
b - Call Imp              Summ           25%        N/A       1%          2
c - Call Canine Familiar  Summ           25%        N/A       2%          3
d - Summon Guardian Gole  Hex/Summ       13%        N/A       13%         3

Your spell library contained the following spells:

 Spells                   Type           Power      Damage    Failure   Level
 Slow                     Hex            4%         N/A       22%         1
 Summon Lightning Spire   Summ/Air       13%        N/A       38%         4
 Confusing Touch          Hex            1%         N/A       54%         3
 Gell's Gravitas          Tloc           1%         N/A       54%         3
 Lesser Beckoning         Tloc           1%         N/A       54%         3
 Teleport Other           Tloc           1%         N/A       54%         3
 Vampiric Draining        Necr           1%         2d6       54%         3


Dungeon Overview and Level Annotations

Branches:
Dungeon (4/15)
 Temple: D:4-7

Altars:
Cheibriados

Annotations:
D:4 Eustachio


Innate Abilities, Weirdness & Mutations

((You are very nimble when in or above water. (Stealth+, EV+, Speed+++)))
Your lower body shifts to a powerful aquatic tail in water.


Message History

Your hound bites the white imp.
The white imp gestures at you. The puff of frost hits you.
The crimson imp hits your hound but does no damage.
Your shadow imp closely misses the white imp.
Your hound bites the crimson imp.
Your hound misses the crimson imp.
The white imp laughs crazily.
The white imp gestures at you. The puff of frost hits you.
* * * LOW HITPOINT WARNING * * *
The crimson imp hits your guardian golem.
Your shadow imp hits the white imp.
The white imp dies!
The white imp disappears in a puff of smoke!
It was a potion of cancellation.
You feel magically purged.
Your hound barely misses the crimson imp.
Your shadow imp hits the crimson imp.
Your hound barely misses the crimson imp.
Unknown command.
You miss the crimson imp.
The crimson imp is moderately wounded.
Your hound bites the crimson imp.
The crimson imp barely misses you.
Your shadow imp completely misses the crimson imp.
You feel very mighty all of a sudden.
Your hound closely misses the crimson imp.
Your shadow imp hits the crimson imp.
The crimson imp closely misses you.
Your hound bites the crimson imp.
The crimson imp dies!
The crimson imp disappears in a puff of smoke!
You hit Eustachio.
Eustachio is moderately wounded.
Eustachio mumbles some strange words.
Eustachio blinks!
Unknown command.
Your hound bites Eustachio.
Your guardian golem disappears in a puff of smoke!
Your shadow imp hits Eustachio.
Eustachio zaps a wand.
The puff of flame hits you!
You die...

.......................#.........
l................................
.......................##.......#
#...###..........#.............
#....#.........#.#.............
#..............###............#
.....#.##......)..#..............
.... #..............##...........
... #.##.##...#@..5# ##.....##.#
..#.##.........###@####.).......#
..............#.#....#..........#
##........#...#......>##........
####...###............#........
#....# ##.............)......
#..(###....###...........##..
##### ###.## #............# #.#
##....##......#


You could see Eustachio (ally target) and a friendly shadow imp (summoned).

Vanquished Creatures
  An iguana (D:4)
  An adder (D:1)
  An ufetubus (D:4)
  A worm (D:3)
  A dart slug (D:3)
  An orc (D:4)
  3 bats
  3 endoplasms
  3 goblins
  2 hobgoblins
  3 quokkas
  2 ball pythons (D:2)
  4 kobolds
  3 rats
29 creatures vanquished.

Vanquished Creatures (collateral kills)
  An ice beast (D:4)
  A black bear (D:4)
  A hound (D:4)
  Jessica (D:3)
  An orc wizard (D:4)
  An adder (D:2)
  2 worms
  A dart slug (D:4)
  2 orcs (D:4)
  8 ball pythons
  3 endoplasms
  4 goblins
  4 hobgoblins
  A quokka (D:4)
  5 bats
  A frilled lizard (D:1)
  6 kobolds
  A rat (D:1)
44 creatures vanquished.

Vanquished Creatures (others)
  3 fungi (D:3)
  6 plants (D:3)
9 creatures vanquished.

Grand Total: 82 creatures vanquished

Notes
Turn   | Place    | Note
-------+----------+-------------------------------------------
     0 | D:1      | Icepheonix32 the Merfolk Summoner began the quest for the
                  | Orb.
     0 | D:1      | Reached XP level 1. HP: 13/13 MP: 3/3
   352 | D:1      | Reached XP level 2. HP: 14/19 MP: 0/5
  1440 | D:1      | Learned a level 2 spell: Call Imp
  1452 | D:1      | Reached skill level 5 in Summonings
  1452 | D:1      | Reached XP level 3. HP: 2/24 MP: 0/6
  1452 | D:1      | HP: 1/36 [poisoned by an adder]
  2135 | D:2      | Learned a level 3 spell: Call Canine Familiar
  2702 | D:2      | Reached XP level 4. HP: 23/30 MP: 3/7
  2823 | D:2      | Found a snail-covered altar of Cheibriados.
  3740 | D:3      | Found a faded altar of an unknown god.
  4175 | D:3      | Noticed Jessica
  4180 | D:3      | Killed Jessica
  4181 | D:3      | Reached skill level 6 in Summonings
  4494 | D:4      | Reached XP level 5. HP: 23/35 MP: 6/8
  5247 | D:4      | Reached skill level 7 in Summonings
  5293 | D:4      | Noticed an ice beast
  5306 | D:4      | Killed an ice beast
  5307 | D:4      | Reached XP level 6. HP: 41/41 MP: 1/9
  5472 | D:4      | Noticed Eustachio
  5756 | D:4      | Learned a level 3 spell: Summon Guardian Golem
  5960 | D:4      | Noticed a black bear
  5976 | D:4      | Killed a black bear
  6093 | D:4      | Reached skill level 8 in Summonings
  6191 | D:4      | Killed from afar by Eustachio

Illustrated notes

Levels and vault maps discovered:
D:1:      reono_arrival_forest_river, layout_loops_ring, minmay_bisected
D:2:      layout_loops_ring, basic_altar, minmay_distorted
D:3:      layout_basic, shapermc_ecumenical_altar_mp_urbaneastern,
          serial_park_tiny_2, uniq_jessica
D:4:      layout_cave_pools, nicolae_ru_path_of_blood, uniq_eustachio

Skill      XL: |  1  2  3  4  5  6 |
---------------+-------------------+-----
Summonings     | 5 6 7 8 |  8.0
Dodging        | |  2.6
Stealth        | |  2.1
Spellcasting   | |  2.0

Action                   |  1- 3 |  4- 6 || total
-------------------------+-------+-------++-------
Melee: Unarmed           |     5 |       ||     5
       Short sword       |    52 |    90 ||   142
       Tailslap          |     1 |       ||     1
       Punch             |     1 |       ||     1
Throw: Boomerang         |     1 |       ||     1
 Cast: Summon Small Mamm |    37 |     6 ||    43
       Call Imp          |     8 |    16 ||    24
       Call Canine Famil |       |    15 ||    15
       Summon Guardian G |       |     2 ||     2
Evoke: Wand              |       |     2 ||     2
  Use: Potion            |     4 |     7 ||    11
       Scroll            |     2 |     5 ||     7
 Stab: Sleeping          |       |     4 ||     4
Armor: Robe              |    19 |    15 ||    34
Dodge: Dodged            |    70 |    94 ||   164
